 Dungeon Crawl Stone Soup version 0.28-a0-1415-g7c84da036a (webtiles) character file.

Game seed: 6668204240871885911

483 dracfodder the Conjurer (level 7, -1/47 HPs)
             Began as a Human Conjurer on Jan 8, 2022.
             Slain by an orc (7 damage)
             ... on level 4 of the Dungeon.
             The game lasted 00:31:29 (5290 turns).

dracfodder the Conjurer (Human Conjurer)            Turns: 5290, Time: 00:31:30

Health: -1/47      AC:  5    Str: 14    XL:     7   Next: 35%
Magic:  9/13       EV: 11    Int: 28    God:
Gold:   114        SH:  0    Dex: 11    Spells: 8/14 levels left

rFire   . . .      SeeInvis .   m - +3 hand axe (protect)
rCold   . . .      Faith    .   (no shield)
rNeg    . . .      Spirit   .   f - +0 ring mail of Ycia {Fly Int+2}
rPois   .          Reflect  .   (no helmet)
rElec   .          Harm     .   r - scarf {shadows}
rCorr   .          Rampage  .   (no gloves)
Will    .....                   (no boots)
Stlth   +.........              (no amulet)
HPRegen 0.15/turn               g - +6 ring of intelligence
MPRegen 0.13/turn               j - +6 ring of strength

@: flying
A: no striking features
a: no special abilities


You were on level 4 of the Dungeon.
You visited 1 branch of the dungeon, and saw 5 of its levels.

You collected 114 gold pieces.

Inventory:

Hand Weapons
 a - a +1 dagger of venom
 m - a +3 hand axe of protection (weapon)
 n - a +0 hand crossbow
 v - a +0 hunting sling
Missiles
 b - 38 poisoned darts
 d - 166 stones
 e - 31 arrows
 o - 31 bolts
 p - a silver boomerang
 t - 39 sling bullets
Armour
 f - the +0 ring mail of Ycia (worn) {Fly Int+2}
   (You found it on level 2 of the Dungeon)

   Int:       It affects your intelligence (+2).
   Fly:       It grants you flight.
 h - a +1 robe of willpower
 r - a scarf of shadows (worn)
Jewellery
 g - a +6 ring of intelligence (left hand)
 j - a +6 ring of strength (right hand)
 q - a +6 ring of intelligence
 w - a +6 ring of dexterity
Wands
 k - a wand of paralysis (2)
 l - a wand of iceblast (5)
Scrolls
 c - a scroll of fear
 i - 2 scrolls of teleportation
Potions
 s - 2 potions of curing {unknown}
 x - a potion of brilliance {unknown}
 z - a potion of magic {unknown}


   Skills:
 + Level 0.7 Fighting
 + Level 0.1 Short Blades
 + Level 0.1 Axes
 * Level 3.7 Armour
 + Level 2.9 Dodging
 + Level 2.3 Stealth
 * Level 4.2 Spellcasting
 + Level 5.1 Conjurations


You had 8 spell levels left.
You knew the following spells:

 Your Spells              Type           Power      Damage    Failure   Level
a - Magic Dart            Conj           100%       1d8       1%          1
b - Searing Ray           Conj           68%        2d6       2%          2
c - Dazzling Flash        Conj/Hex       40%        N/A       14%         3

Your spell library contained the following spells:

 Spells                   Type           Power      Damage    Failure   Level
 Animate Skeleton         Necr           10%        N/A       14%         1
 Apportation              Tloc           10%        N/A       14%         1
 Slow                     Hex            20%        N/A       14%         1
 Summon Small Mammal      Summ           20%        N/A       14%         1
 Confusing Touch          Hex            5%         N/A       38%         3
 Gell's Gravitas          Tloc           5%         N/A       38%         3
 Lesser Beckoning         Tloc           5%         N/A       38%         3
 Teleport Other           Tloc           5%         N/A       38%         3
 Vampiric Draining        Necr           5%         2d6       38%         3
 Fulminant Prism          Conj/Hex       10%        3d9       43%         4
 Iskenderun's Mystic Bla  Conj/Tloc      20%        2d6       43%         4


Dungeon Overview and Level Annotations

Branches:
Dungeon (5/15)
 Temple: D:4-7

Altars:
Okawaru
Qazlal
Wu Jian

Shops:
D:2 (


Message History

The orc priest shouts!
The orc priest casts a cantrip, but nothing happens.
The orc misses you.
The orc priest invokes the aid of Beogh against you.
Beogh smites you!
There is a stone staircase leading up, spattered with blood here.
You hit the orc.
Your weapon exudes an aura of protection.
The orc is severely wounded.
The orc hits you but does no damage. The orc priest closely misses you.
You closely miss the orc priest. You closely miss the orc.
The orc hits you with a +0 flail!
An orc priest comes into view. It is wielding a +0 club.
The orc priest misses you. The orc closely misses you.
Aiming: Searing Ray (safe; 2% risk of failure)
Press: ? - help, Q - select action, (/) - cycle Shift-Dir - straight line, f - orc priest
Aim: an orc priest, wielding a +0 club (81% to hit)
The searing ray hits the orc priest!
The orc priest is heavily wounded. (Press . to maintain the ray.)
The orc priest shouts!
The orc priest begins to cast a cantrip, but forgets the words!
The orc priest closely misses you. The orc barely misses you.
There are no items here.
The searing ray hits the orc priest.
The orc priest is almost dead.
The orc priest calls upon Beogh to heal the orc.
The orc's wounds heal themselves!
The orc hits you with a +0 flail.
The searing ray hits the orc priest!
You kill the orc priest!
The orc priest begins to cast a cantrip, but forgets the words!
The orc hits you with a +0 flail.
The orc priest invokes the aid of Beogh against you.
Beogh smites you!
* * * LOW HITPOINT WARNING * * *
The orc completely misses you.
You fly upwards.
There is a stone staircase leading down here.
You closely miss the orc. The orc hits you with a +0 flail!
You die...

##### ....#
###.#
###########
# #<###.
......@o..#
###.....#
#########.#
....##.##
#.# #.### #
#.# #.# #.#
#.# #.# ..#
#.# ### #†#
#.#


You could see an orc.

Vanquished Creatures
  A water moccasin (D:4)
  An ogre (D:3)
  A centaur (D:5)
  An orc priest (D:5)
  An iguana (D:4)
  5 adders
  A howler monkey skeleton (D:4)
  An ufetubus (D:5)
  2 worms
  3 dart slugs
  8 orcs
  5 ball pythons
  7 bats
  8 endoplasms
  2 giant cockroaches
  3 goblins
  15 hobgoblins
  4 jackals (D:2)
  10 kobolds
  3 quokkas
  3 frilled lizards
  9 rats
94 creatures vanquished.

Notes
Turn   | Place    | Note
-------+----------+-------------------------------------------
     0 | D:1      | dracfodder the Human Conjurer began the quest for the Orb.
     0 | D:1      | Reached XP level 1. HP: 13/13 MP: 3/3
   157 | D:1      | You fall into a shaft and drop 1 floor!
   339 | D:2      | Identified the +0 ring mail of Ycia {Fly Int+2}
   509 | D:2      | Reached XP level 2. HP: 2/19 MP: 0/5
  1206 | D:1      | Learned a level 2 spell: Searing Ray
  1217 | D:1      | Reached XP level 3. HP: 24/24 MP: 4/6
  1488 | D:1      | Reached skill level 1 in Armour
  2226 | D:2      | Reached XP level 4. HP: 30/30 MP: 6/8
  2386 | D:2      | Learned a level 3 spell: Dazzling Flash
  2718 | D:2      | Found Gocacri's Weapon Shoppe.
  2811 | D:3      | Found a faded altar of an unknown god.
  3401 | D:4      | Noticed an ogre
  3426 | D:3      | Killed an ogre
  3427 | D:3      | Reached XP level 5. HP: 21/35 MP: 3/10
  3847 | D:3      | Reached XP level 6. HP: 41/41 MP: 5/11
  3907 | D:3      | Found an ornate altar of the Wu Jian Council.
  4196 | D:4      | Found a stormy altar of Qazlal.
  4446 | D:4      | Noticed a water moccasin
  4453 | D:4      | Killed a water moccasin
  4454 | D:4      | Reached skill level 5 in Conjurations
  4661 | D:4      | Reached XP level 7. HP: 47/47 MP: 6/12
  5025 | D:5      | Entered Level 5 of the Dungeon
  5025 | D:5      | Found an iron altar of Okawaru.
  5290 | D:4      | Slain by an orc

Illustrated notes

Levels and vault maps discovered:
D:1:      dpeg_cavernosity, layout_basic
D:2:      layout_basic, serial_shops, shop, chequers_serial_rivers_micro_a,
          hangedman_abyss_or_decor_stabs
D:3:      layout_rooms, pdpol_wu_jian_five_deadly_venoms,
          chequers_ecumenical_altar_simple_redux, kennysheep_generic_room_9
D:4:      layout_loops_ring, marbit_many_paths, grunt_qazlal_clouds
D:5:      layout_rooms, okawaru_metal_pillars_3, mainiacjoe_overflow_brackets,
          lemuel_tele_altar, serial_rivers, chequers_serial_rivers_small_a,
          chequers_serial_rivers_micro_e, chequers_serial_rivers_micro_a,
          chequers_serial_rivers_large_a, chequers_serial_rivers_micro_e

Skill      XL: |  1  2  3  4  5  6  7 |
---------------+----------------------+-----
Armour         | 1 2 3 |  3.7
Spellcasting   | 3 4 |  4.2
Conjurations   | 5 |  5.1
Fighting       | |  0.7
Short Blades   | |  0.1
Axes           | |  0.1
Dodging        | |  2.9
Stealth        | |  2.3

Action                   |  1- 3 |  4- 6 |  7- 9 || total
-------------------------+-------+-------+-------++-------
Melee: Dagger            |    23 |       |       ||    23
       Hand axe          |       |     9 |     3 ||    12
Throw: Dart              |       |     1 |       ||     1
 Cast: Magic Dart        |    58 |    54 |     8 ||   120
       Searing Ray       |     6 |    20 |     5 ||    31
  Use: Scroll            |       |     8 |     1 ||     9
Armor: Robe              |     1 |       |       ||     1
       Ring mail         |     8 |    14 |     1 ||    23
Dodge: Dodged            |     5 |    19 |     9 ||    33

Table legend: (Time is in decaauts)
 A = Elapsed time spent in this place.
 B = Non-inter-level travel time spent in this place.
 C = Inter-level travel time spent in this place.
 D = Time resting spent in this place.
 E = Time spent auto-exploring this place.
 F = Levels seen in this place.
 G = Mean time per level.
                   A        B        C        D        E       F      G
               +--------+--------+--------+--------+--------+-----+--------+
         Total |   5298 |   5194 |    104 |   2195 |   1972 |   5 | 1059.6 |
       Dungeon |   5298 |   5194 |    104 |   2195 |   1972 |   5 | 1059.6 |
               +--------+--------+--------+--------+--------+-----+--------+

Top non-repeatable levels by time:
     D:2: 1502 daAuts
     D:4: 1382 daAuts
     D:1: 1278 daAuts
     D:3: 1117 daAuts
     D:5: 17 daAuts
